 Dungeon Crawl Stone Soup version 0.26.0-57-g60708a5e39 (webtiles) character file.

Game seed: 16210962248168272061

(classic levelgen) 5266 thiole the Sneak (level 10, 0/65 HPs)
             Began as an Octopode Hedge Wizard on Feb 1, 2021.
             Was an Initiate of Gozag.
             Slain by an orc warrior
             ... wielding a +0 glaive
              (27 damage)
             ... on level 10 of the Dungeon.
             The game lasted 00:28:55 (13400 turns).

thiole the Sneak (Octopode Hedge Wizard)           Turns: 13400, Time: 00:28:56

Health: 0/65       AC:  9    Str:  9    XL:     10   Next: 62%
Magic:  10/19      EV: 16    Int: 21    God:    Gozag
Gold:   542        SH:  0    Dex: 11    Spells: 11/21 levels left

rFire    + . .     SeeInvis .   x - +0 dagger (speed)
rCold    . . .     Faith    .   (no shield)
rNeg     + + .     Spirit   .   b - +0 hat
rPois    .         Reflect  .   H - amulet of the Four Winds {rN+ Will+++ Clar}
rElec    .         Harm     .   m - ring of positive energy
rCorr    .         Rampage  .   p - ring of protection from fire
Will     +++..     Clarity  +   M - +4 ring of protection
Stlth    ++++......             K - +4 ring of protection
HPRegen  0.20/turn              (no ring)
MPRegen  0.16/turn              (no ring)
                                (no ring)
                                (no ring)

@: no status effects
A: almost no armour, stealthy swim, amphibious, 8 rings, constrict 8, camouflage
1, gelatinous body 1
a: Renounce Religion, Potion Petition, Call Merchant, Bribe Branch


You were on level 10 of the Dungeon.
You worshipped Gozag.
Gozag was pleased with you.
You visited 1 branch of the dungeon, and saw 10 of its levels.

You collected 1670 gold pieces.
You spent 1038 gold pieces at shops.
You paid 90 gold pieces to Gozag.

Inventory:

Hand Weapons
 x - a +0 dagger of speed (weapon)
 y - a +2 hunting sling of freezing
Missiles
 w - 17 poisoned darts
Armour
 b - a +0 hat (worn)
Jewellery
 a - an uncursed amulet of magic regeneration
 g - an uncursed amulet of regeneration
 m - a ring of positive energy (left tentacle)
 p - a ring of protection from fire (right tentacle)
 C - an uncursed amulet of reflection
 H - the amulet of the Four Winds (around mantle) {rN+ Will+++ Clar}
   (You bought it in a shop on level 7 of the Dungeon)

   [amulet of nothing]

   It protects you from negative energy.
   It affects your willpower, your defense against some magical effects.
   It protects you against confusion.
 K - a +4 ring of protection (on tentacle)
 M - a +4 ring of protection (on tentacle)
Wands
 s - a wand of random effects (9)
 v - a wand of flame (18)
 I - a wand of enslavement (2)
Scrolls
 c - a scroll of noise {unknown}
 d - 6 scrolls of remove curse
 j - 2 scrolls of magic mapping {unknown}
 k - 3 scrolls of immolation {unknown}
 l - 4 scrolls of enchant weapon {unknown}
 n - 3 scrolls of teleportation {unknown}
 z - a scroll of amnesia {unknown}
 D - a scroll of brand weapon {unknown}
 F - 2 scrolls of random uselessness {unknown}
 J - a scroll of fear {unknown}
 L - 2 scrolls of fog {unknown}
 N - a scroll of enchant armour {unknown}
Potions
 h - a potion of lignification
 r - 2 potions of attraction
 t - 3 potions of might
 u - a potion of cancellation
 A - a potion of mutation
 B - a potion of magic {unknown}
 E - a potion of brilliance {unknown}
Miscellaneous
 f - a lightning rod (4/4)


   Skills:
 + Level 4.6 Fighting
 - Level 4.0 Short Blades
 - Level 7.0 Dodging
 - Level 7.0 Stealth
 - Level 6.3 Spellcasting
 - Level 4.0 Conjurations
 - Level 2.0 Summonings
 - Level 1.0 Translocations
 - Level 4.0 Transmutations
 - Level 4.0 Ice Magic
 - Level 4.0 Air Magic
 - Level 3.0 Poison Magic
 - Level 4.0 Evocations


You had 11 spell levels left.
You knew the following spells:

 Your Spells              Type           Power        Failure   Level
a - Magic Dart            Conj           92%          1%          1
b - Call Imp              Summ           15%          6%          2
c - Mephitic Cloud        Conj/Pois/Air  22%          6%          3
d - Ice Form              Ice/Tmut       23%          19%         4

Your spell library contained the following spells:

 Spells                   Type           Power        Failure   Level
 Beastly Appendage        Tmut           46%          1%          1
 Wereblood                Tmut           23%          2%          2
 Spider Form              Tmut/Pois      10%          7%          3
 Animate Skeleton         Necr           12%          10%         1
 Pain                     Necr           24%          10%         1
 Blink                    Tloc           N/A          10%         2
 Conjure Flame            Conj/Fire      15%          13%         3
 Slow                     Hex            6%           14%         2
 Vampiric Draining        Necr           3%           28%         3
 Blade Hands              Tmut           11%          45%         5
 Animate Dead             Necr           3%           67%         4
 Agony                    Necr           6%           95%         5


Dungeon Overview and Level Annotations

Branches:
Dungeon (10/15)            Temple (0/1) D:5            Lair (0/6) D:10
    Orc: D:9-12

Altars:
Ashenzari
Cheibriados
Elyvilon
Fedhas
Gozag
Makhleb
Ru
Sif Muna
Trog
Xom
Yredelemnul
The Shining One

Shops:
D:7 =   D:8 ?


Innate Abilities, Weirdness & Mutations

You cannot wear most types of armour.
You are very stealthy in the water. (Stealth+)
You are amphibious.
You can wear up to eight rings at the same time.
You can use your tentacles to constrict eight enemies at once.
Your skin changes colour to match your surroundings (Stealth+).
Your rubbery body absorbs attacks. (AC +1, EV +1)


Message History

The orc warrior hits you with a +0 glaive!
You hit the orc warrior but do no damage.
The orc warrior is moderately wounded.
You constrict the orc warrior.
You hit the orc warrior but do no damage.
You squeeze the orc warrior.
The orc warrior is moderately wounded.
You constrict the orc warrior, but do no damage.
Your iron imp hits the orc warrior but does no damage.
The orc warrior closely misses you.
You barely miss the orc warrior.
The orc warrior is moderately wounded.
You constrict the orc warrior.
You hit the orc warrior but do no damage.
The orc warrior is heavily wounded.
You constrict the orc warrior, but do no damage.
Your iron imp hits the orc warrior!
The orc warrior hits you with a +0 glaive!!
You die...
Your body crumbles into a pile of gold.

.....# $ .....##
.....#########
..............
............. ###
#......)....
#.....#...........
#.....#.....5..# ##
..#.....#..@.....#...
...PP....+..5o....#...
.PP..........5....'...
..PPPP...P........#..
P.PP.PPPP....P.....###
P.P.PP.P......P.......#
.PPPPPP.P..$P..($$....#
.P.PPPPP....P.........#
...PP.>P.P.P..P........#


You could see an orc warrior, a friendly iron imp (summoned) and 2 friendly
crimson imps.

Vanquished Creatures
  Maggie (D:6)
  2 hornets (D:9)
  Sigmund (D:5)
  3 yaks (D:9)
  Edmund (D:4)
  3 water moccasins
  An orc warrior (D:9)
  2 sky beasts
  A phantom (D:8)
  5 ogres
  5 centaurs
  2 big kobolds
  6 bullfrogs
  A wyvern skeleton (D:9)
  2 scorpions
  3 wights (D:9)
  A howler monkey (D:4)
  2 centaur zombies
  A quasit (D:7)
  2 bullfrog zombies
  6 hounds
  A jelly (D:9)
  6 orc wizards
  3 orc priests
  A bullfrog skeleton (D:5)
  A centaur skeleton (D:5)
  9 worker ants
  A hound skeleton (D:9)
  Robin (D:4)
  9 adders
  2 shadow imps
  3 white imps
  An ufetubus (D:8)
  An ooze (D:4)
  3 adder skeletons
  2 adder zombies
  2 worms (D:2)
  3 dart slugs
  6 leopard geckos
  26 orcs
  5 giant cockroaches
  18 goblins
  13 hobgoblins
  16 jackals
  21 kobolds
  3 quokkas
  A ball python (D:5)
  A ball python skeleton (D:5)
  9 bats
  4 frilled lizards
  A giant cockroach zombie (D:5)
  A jackal skeleton (D:6)
  A jackal zombie (D:5)
  A leopard gecko zombie (D:5)
  A quokka zombie (D:5)
  10 rats
238 creatures vanquished.

Vanquished Creatures (collateral kills)
  A water moccasin (D:5)
  A black bear (D:9)
  2 ogres (D:6)
  2 bullfrogs
  A scorpion (D:7)
  A bullfrog zombie (D:7)
  3 jellies (D:5)
  2 hounds
  An iguana (D:7)
  2 worker ants
  A hound zombie (D:6)
  An adder (D:6)
  A white imp (D:5)
  3 orcs
  A giant cockroach (D:7)
  3 jackals (D:5)
  A jackal zombie (D:6)
27 creatures vanquished.

Vanquished Creatures (others)
  12 fungi (D:10)
  15 plants (D:10)
27 creatures vanquished.

Grand Total: 292 creatures vanquished

Notes
Turn   | Place    | Note
-------+----------+-------------------------------------------
     0 | D:1      | thiole the Octopode Hedge Wizard began the quest for the
                  | Orb.
     0 | D:1      | Reached XP level 1. HP: 11/11 MP: 4/4
   128 | D:1      | Reached XP level 2. HP: 17/17 MP: 3/6
   668 | D:1      | Reached XP level 3. HP: 17/21 MP: 2/7
  1133 | D:1      | Reached skill level 1 in Fighting
  1942 | D:2      | Found a snail-covered altar of Cheibriados.
  2157 | D:2      | Reached XP level 4. HP: 29/29 MP: 2/8
  3476 | D:3      | Reached XP level 5. HP: 23/34 MP: 3/9
  4922 | D:4      | Reached XP level 6. HP: 31/39 MP: 7/10
  5061 | D:4      | Noticed Edmund
  5111 | D:3      | Learned a level 2 spell: Call Imp
  5115 | D:3      | Learned a level 3 spell: Mephitic Cloud
  5140 | D:4      | Killed Edmund
  5141 | D:4      | Reached skill level 5 in Stealth
  5278 | D:4      | Found a white marble altar of Elyvilon.
  5478 | D:4      | Noticed Robin
  5518 | D:4      | Killed Robin
  5611 | D:4      | Found a broken altar of Ashenzari.
  5618 | D:4      | Found a shimmering altar of Xom.
  5623 | D:4      | Found a shimmering blue altar of Sif Muna.
  5634 | D:4      | Found a sacrificial altar of Ru.
  5641 | D:4      | Found an opulent altar of Gozag.
  5646 | D:4      | Found a blossoming altar of Fedhas.
  5653 | D:4      | Found a bloodstained altar of Trog.
  5661 | D:4      | Became a worshipper of Gozag Ym Sagoz the Greedy
  5878 | D:4      | Reached XP level 7. HP: 41/48 MP: 1/11
  6163 | D:4      | Found a burning altar of Makhleb.
  6202 | D:4      | Reached skill level 1 in Poison Magic
  6209 | D:4      | Reached skill level 1 in Air Magic
  6439 | D:5      | Entered Level 5 of the Dungeon
  7106 | D:5      | Found a staircase to the Ecumenical Temple.
  7226 | D:5      | Reached XP level 8. HP: 52/54 MP: 14/14
  7260 | D:5      | Noticed Sigmund
  7269 | D:5      | Killed Sigmund
  7270 | D:5      | Reached skill level 5 in Spellcasting
  7270 | D:5      | Reached skill level 1 in Short Blades
  8053 | D:6      | Reached skill level 1 in Transmutations
  8347 | D:6      | Noticed Maggie
  8390 | D:6      | Reached XP level 9. HP: 53/58 MP: 4/16
  8398 | D:6      | Killed Maggie
  9341 | D:7      | Found Qureupn's Jewellery Shoppe.
  9349 | D:7      | Reached skill level 1 in Evocations
  9453 | D:7      | Bought a +4 ring of protection for 468 gold pieces
  9595 | D:8      | Found Nune's Magic Scroll Shoppe.
  9869 | D:8      | Found a glowing golden altar of the Shining One.
  9872 | D:8      | Found a basalt altar of Yredelemnul.
  9878 | D:8      | Noticed an angel
 10330 | D:7      | Bought the amulet of the Four Winds {rN+ Will+++ Clar} for
                  | 570 gold pieces
 10330 | D:7      | Found the amulet of the Four Winds {rN+ Will+++ Clar}
 10393 | D:9      | Reached skill level 5 in Dodging
 10538 | D:9      | Reached XP level 10. HP: 57/63 MP: 12/19
 10543 | D:9      | Learned a level 4 spell: Ice Form
 10691 | D:9      | Reached skill level 1 in Ice Magic
 12325 | D:10     | Found the +7 Singing Sword {vorpal, sonic wave}
 12325 | D:10     | Entered Level 10 of the Dungeon
 12990 | D:10     | Found a staircase to the Lair.
 13400 | D:10     | Slain by an orc warrior

Illustrated notes

Levels and vault maps discovered:
D:1:      minmay_arrival_doors, layout_basic
D:2:      layout_loops_corners, cheibriados_altar_1
D:3:      layout_basic, minmay_three_crescents
D:4:      layout_loops_corners, bloody_makhleb, marbit_many_paths,
          grunt_temple_overflow_octagram, uniq_edmund, uniq_robin
D:5:      cheibrodos_fzero, layout_loops_cross,
          minmay_temple_entry_gardened_gates, uniq_sigmund
D:6:      layout_gridville, glass_columns_a, minmay_misc_feat_hallway,
          uniq_maggie
D:7:      layout_rooms, serial_shops, shop
D:8:      layout_loops_ring, grunt_temple_overflow_holy_war, serial_shops, shop
D:9:      layout_grid_maze
D:10:     old_forge, layout_irregular_city, due_lair_maze_entry_diamond,
          serial_bayou_ford_a, chequers_hall_statues_wall_a

Skill      XL: |  1  2  3  4  5  6  7  8  9 10 |
---------------+-------------------------------+-----
Conjurations   | 2 3 4 |  4.0
Fighting       | 1 2 4 |  4.6
Dodging        | 3 4 5 7 |  7.0
Stealth        | 4 5 7 |  7.0
Poison Magic   | 3 |  3.0
Air Magic      | 2 4 |  4.0
Summonings     | 2 |  2.0
Spellcasting   | 4 5 6 |  6.3
Short Blades   | 4 |  4.0
Transmutations | 2 3 4 |  4.0
Evocations     | 4 |  4.0
Ice Magic      | 4 |  4.0
Translocations | |  1.0

Action                   |  1- 3 |  4- 6 |  7- 9 | 10-12 || total
-------------------------+-------+-------+-------+-------++-------
Melee: Dagger            |    41 |   106 |   368 |   230 ||   745
       Constrict         |    13 |    24 |    56 |    24 ||   117
       Tentacles         |     4 |    19 |    81 |    32 ||   136
 Cast: Magic Dart        |    97 |   121 |   140 |    89 ||   447
       Call Imp          |       |     8 |    42 |    18 ||    68
       Mephitic Cloud    |       |       |    10 |     4 ||    14
  Use: Scroll            |       |     5 |     4 |     3 ||    12
       Potion            |       |       |     4 |    11 ||    15
 Stab: Distracted        |       |     2 |     2 |       ||     4
       Sleeping          |       |       |    12 |     3 ||    15
       Confused          |       |       |    11 |     1 ||    12
Armor: Skin              |     2 |     5 |    31 |   149 ||   187
Dodge: Dodged            |    31 |    86 |   174 |   139 ||   430
